| TOP OF THE 1ST |
|
Atlanta (MID) Braves batting - Pitching for Binghamton Mets : LHP Andy Shearn
|
|
Pitching: LHP Andy Shearn
|
|
|
Batting: SHB Brandon McClain
|
0-0: Called Strike 0-1: Ball 1-1: Foul Ball, location: 2F 1-2: Foul Ball, location: 2F 1-2: Ball 2-2: Ground out 5-3 (Groundball, 5, EV 87.5 MPH)
|
|
Batting: RHB Andy Cunningham
|
0-0: Called Strike 0-1: Ball 1-1: Ball 2-1: Swinging Strike 2-2: Ball 3-2: Foul Ball, location: 2F 3-2: Strikes out swinging
|
|
Batting: RHB Xavier Davis
|
0-0: Called Strike 0-1: Ball 1-1: Called Strike 1-2: Foul Ball, location: 2F 1-2: Ball 2-2: Strikes out looking
|
| Top of the 1st over - 0 runs, 0 hits, 0 errors, 0 left on base; Atlanta (MID) 0 - Binghamton 0 |
| BOTTOM OF THE 1ST |
|
Binghamton Mets batting - Pitching for Atlanta (MID) Braves : RHP Jesus Cumba
|
|
Pitching: RHP Jesus Cumba
|
|
|
Batting: LHB Tom Prayer
|
0-0: Ball 1-0: Foul Ball, location: 2F 1-1: Ball 2-1: Called Strike 2-2: Ball 3-2: Ground out U3 (Groundball, 3, EV 94.4 MPH)
|
|
Batting: RHB Andy Solorzano
|
0-0: Ball 1-0: SOLO HOME RUN (Flyball, 78XD, EV 98.1 MPH), Distance : 406 ft
|
|
Batting: LHB Willie Cintron
|
0-0: Called Strike 0-1: Ball 1-1: Ball 2-1: Foul Ball, location: 2F 2-2: Ball 3-2: Foul Ball, location: 2F 3-2: Fly out, F9 (Flyball, 9, EV 90.6 MPH)
|
|
Batting: RHB Joe Kooyers
|
0-0: SINGLE (Line Drive, 3L, EV 103.1 MPH)
|
|
Batting: RHB Chris Nelson
|
0-0: Called Strike 0-1: Foul Ball, location: 2F 0-2: Ball 1-2: Foul Ball, location: 2F 1-2: Strikes out swinging
|
| Bottom of the 1st over - 1 run, 2 hits, 0 errors, 1 left on base; Atlanta (MID) 0 - Binghamton 1 |
| TOP OF THE 2ND |
|
Atlanta (MID) Braves batting - Pitching for Binghamton Mets : LHP Andy Shearn
|
|
Batting: RHB Joseph Kirchmann
|
0-0: Called Strike 0-1: Swinging Strike 0-2: Ball 1-2: Ball 2-2: Foul Ball, location: 2F 2-2: SOLO HOME RUN (Flyball, 78XD, EV 98.1 MPH), Distance : 403 ft
|
|
Batting: RHB Mike Shook
|
0-0: Ball 1-0: Foul Ball, location: 2F 1-1: Ball 2-1: Swinging Strike 2-2: Strikes out swinging
|
|
Batting: RHB Corey Dalton
|
0-0: Ball 1-0: Called Strike 1-1: Ground out 5-3 (Groundball, 56, EV 81.9 MPH)
|
|
Batting: LHB Mark Thomas
|
0-0: Ball 1-0: Swinging Strike 1-1: Ball 2-1: Ball 3-1: Swinging Strike 3-2: Foul Ball, location: 2F 3-2: Fly out, F7 (Flyball, 78M, EV 93.8 MPH)
|
| Top of the 2nd over - 1 run, 1 hit, 0 errors, 0 left on base; Atlanta (MID) 1 - Binghamton 1 |
| BOTTOM OF THE 2ND |
|
Binghamton Mets batting - Pitching for Atlanta (MID) Braves : RHP Jesus Cumba
|
|
Batting: LHB Joel Soto
|
0-0: Called Strike 0-1: Ground out 4-3 (Groundball, 4M, EV 103.8 MPH)
|
|
Batting: RHB Jake Hansford
|
0-0: Ball 1-0: Ball 2-0: Foul Ball, location: 2F 2-1: Ball 3-1: Foul Ball, location: 2F 3-2: Ground out 6-3 (Groundball, 6, EV 78.8 MPH)
|
|
Batting: RHB Shawn Mathews
|
0-0: Ball 1-0: Ground out 6-3 (Groundball, 56, EV 82.5 MPH)
|
| Bottom of the 2nd over - 0 runs, 0 hits, 0 errors, 0 left on base; Atlanta (MID) 1 - Binghamton 1 |
| TOP OF THE 3RD |
|
Atlanta (MID) Braves batting - Pitching for Binghamton Mets : LHP Andy Shearn
|
|
Batting: RHB Yorkis Saiki
|
0-0: Ball 1-0: Ball 2-0: Ball 3-0: Base on Balls
|
|
Batting: RHB Nick Platt
|
0-0: Called Strike 0-1: Grounds into double play, 5-4-3 (Groundball, 5S, EV 83.8 MPH)
|
|
Batting: SHB Brandon McClain
|
0-0: Ball 1-0: DOUBLE (Groundball, 5L, EV 100.6 MPH)
|
|
Batting: RHB Andy Cunningham
|
0-0: Called Strike 0-1: Swinging Strike 0-2: Strikes out looking
|
| Top of the 3rd over - 0 runs, 1 hit, 0 errors, 1 left on base; Atlanta (MID) 1 - Binghamton 1 |
| BOTTOM OF THE 3RD |
|
Binghamton Mets batting - Pitching for Atlanta (MID) Braves : RHP Jesus Cumba
|
|
Batting: RHB Dave Conde
|
0-0: Fly out, F7 (Line Drive, 7, EV 88.1 MPH)
|
|
Batting: LHB Tom Prayer
|
0-0: Foul Ball, location: 2F 0-1: Called Strike 0-2: Ball 1-2: Foul Ball, location: 2F 1-2: Ground out 4-3 (Groundball, 4, EV 79.4 MPH)
|
|
Batting: RHB Andy Solorzano
|
0-0: Foul Ball, location: 2F 0-1: Called Strike 0-2: Strikes out swinging
|
| Bottom of the 3rd over - 0 runs, 0 hits, 0 errors, 0 left on base; Atlanta (MID) 1 - Binghamton 1 |
| TOP OF THE 4TH |
|
Atlanta (MID) Braves batting - Pitching for Binghamton Mets : LHP Andy Shearn
|
|
Batting: RHB Xavier Davis
|
0-0: Called Strike 0-1: Ball 1-1: Ball 2-1: SINGLE (Flyball, 78S, EV 89.4 MPH)
|
|
Batting: RHB Joseph Kirchmann
|
0-0: Ball 1-0: Ball 2-0: Ball 3-0: Called Strike 3-1: Base on Balls Xavier Davis to second
|
|
Batting: RHB Mike Shook
|
0-0: Ball Xavier Davis steals 3rd base Joseph Kirchmann to second 1-0: Called Strike 1-1: Called Strike 1-2: Ball 2-2: Foul Ball, location: 2F 2-2: Ball 3-2: Foul Ball, location: 2F 3-2: Foul Ball, location: 2F 3-2: Ground out 5-3 (Groundball, 56D, EV 94.4 MPH) Xavier Davis scores
|
|
Batting: RHB Corey Dalton
|
0-0: Called Strike 0-1: Ball 1-1: Ball 2-1: Fly out, F7 (Flyball, 78S, EV 87.5 MPH)
|
|
Batting: LHB Mark Thomas
|
0-0: Swinging Strike 0-1: Swinging Strike 0-2: Strikes out looking
|
| Top of the 4th over - 1 run, 1 hit, 0 errors, 1 left on base; Atlanta (MID) 2 - Binghamton 1 |
| BOTTOM OF THE 4TH |
|
Binghamton Mets batting - Pitching for Atlanta (MID) Braves : RHP Jesus Cumba
|
|
Batting: LHB Willie Cintron
|
0-0: Ball 1-0: Swinging Strike 1-1: Ground out U3 (Groundball, 34S, EV 78.8 MPH)
|
|
Batting: RHB Joe Kooyers
|
0-0: Swinging Strike 0-1: SINGLE (Groundball, 56D, EV 103.8 MPH)
|
|
Batting: RHB Chris Nelson
|
0-0: Ball 1-0: Ball 2-0: Ball 3-0: Swinging Strike 3-1: Base on Balls Joe Kooyers to second
|
|
Batting: LHB Joel Soto
|
0-0: SINGLE (Line Drive, 7LS, EV 106.9 MPH) Joe Kooyers to third Chris Nelson to second
|
|
Batting: RHB Jake Hansford
|
0-0: Foul Ball, location: 2F 0-1: Ball 1-1: Swinging Strike 1-2: Foul Ball, location: 2F 1-2: Fly out, F9 (Flyball, 9D, EV 108.1 MPH) Runner from 3rd tags up, OUT at HOME! 9-2
|
| Bottom of the 4th over - 0 runs, 2 hits, 0 errors, 2 left on base; Atlanta (MID) 2 - Binghamton 1 |
| TOP OF THE 5TH |
|
Atlanta (MID) Braves batting - Pitching for Binghamton Mets : LHP Andy Shearn
|
|
Batting: RHB Yorkis Saiki
|
0-0: Ball 1-0: Ground out U3 (Groundball, 34S, EV 84.4 MPH)
|
|
Batting: RHB Nick Platt
|
0-0: Foul Ball, location: 2F 0-1: Foul Ball, location: 2F 0-2: Ball 1-2: Ground out 2-3 (Groundball, 15S, EV 66.2 MPH)
|
|
Batting: SHB Brandon McClain
|
0-0: Called Strike 0-1: Ground out 6-3 (Groundball, 56, EV 86.9 MPH)
|
| Top of the 5th over - 0 runs, 0 hits, 0 errors, 0 left on base; Atlanta (MID) 2 - Binghamton 1 |
| BOTTOM OF THE 5TH |
|
Binghamton Mets batting - Pitching for Atlanta (MID) Braves : RHP Jesus Cumba
|
|
Batting: RHB Shawn Mathews
|
0-0: Foul Ball, location: 2F 0-1: TRIPLE (Flyball, 9LD, EV 88.1 MPH)
|
|
Batting: RHB Dave Conde
|
0-0: Ball 1-0: Swinging Strike 1-1: Foul Ball, location: 2F 1-2: Ball 2-2: Ball 3-2: Ground out 5-3 (Groundball, 56S, EV 65.6 MPH)
|
|
Batting: LHB Tom Prayer
|
0-0: Ball 1-0: Ball 2-0: Ball Passed Ball! Shawn Mathews scores 3-0: Called Strike 3-1: Base on Balls
|
|
Batting: RHB Andy Solorzano
|
0-0: Called Strike 0-1: Ball Tom Prayer is caught stealing 2nd base 2-4 1-1: Ground out 6-3 (Groundball, 6, EV 93.8 MPH)
|
| Bottom of the 5th over - 1 run, 1 hit, 0 errors, 0 left on base; Atlanta (MID) 2 - Binghamton 2 |
| TOP OF THE 6TH |
|
Atlanta (MID) Braves batting - Pitching for Binghamton Mets : LHP Andy Shearn
|
|
Batting: RHB Andy Cunningham
|
0-0: Called Strike 0-1: Called Strike 0-2: Ball 1-2: Ball 2-2: Strikes out swinging
|
|
Batting: RHB Xavier Davis
|
0-0: Called Strike 0-1: Foul Ball, location: 2F 0-2: Strikes out swinging, 2-3 out at first.
|
|
Batting: RHB Joseph Kirchmann
|
0-0: Ball 1-0: Ball 2-0: Called Strike 2-1: SINGLE (Flyball, 8RS, EV 92.5 MPH)
|
|
Pitching: RHP Salvatore Garcia
|
|
|
Batting: RHB Mike Shook
|
0-0: Ball 1-0: Called Strike 1-1: Ball Joseph Kirchmann is caught stealing 2nd base 2-4
|
| Top of the 6th over - 0 runs, 1 hit, 0 errors, 0 left on base; Atlanta (MID) 2 - Binghamton 2 |
| BOTTOM OF THE 6TH |
|
Binghamton Mets batting - Pitching for Atlanta (MID) Braves : RHP Jesus Cumba
|
|
Batting: LHB Willie Cintron
|
0-0: Called Strike 0-1: Foul Ball, location: 2F 0-2: Ball 1-2: Strikes out looking
|
|
Batting: RHB Joe Kooyers
|
0-0: Ball 1-0: Fly out, F9 (Flyball, 89S, EV 90.6 MPH)
|
|
Batting: RHB Chris Nelson
|
0-0: Ball 1-0: Foul Ball, location: 2F 1-1: Ball 2-1: DOUBLE (Groundball, 5L, EV 105.6 MPH)
|
|
Batting: LHB Joel Soto
|
0-0: Intentional Walk
|
|
Batting: RHB Jake Hansford
|
0-0: Called Strike 0-1: Foul Ball, location: 2F 0-2: Ball 1-2: Foul Ball, location: 2F 1-2: Strikes out swinging
|
| Bottom of the 6th over - 0 runs, 1 hit, 0 errors, 2 left on base; Atlanta (MID) 2 - Binghamton 2 |
| TOP OF THE 7TH |
|
Atlanta (MID) Braves batting - Pitching for Binghamton Mets : RHP Salvatore Garcia
|
|
Pinch Hitting: LHB Travis Lazaro
|
0-0: Ball 1-0: Ball 2-0: Foul Ball, location: 2F 2-1: DOUBLE (Line Drive, 7LM, EV 98.8 MPH)
|
|
Batting: RHB Corey Dalton
|
0-0: Called Strike 0-1: Ground out 3-1 (Groundball, 13, EV 85.0 MPH) Travis Lazaro to third
|
|
Batting: LHB Mark Thomas
|
0-0: Ball 1-0: Ball 2-0: Ball 3-0: Called Strike 3-1: Called Strike 3-2: Strikes out swinging
|
|
Batting: RHB Yorkis Saiki
|
0-0: Ball 1-0: Ball 2-0: Swinging Strike 2-1: Called Strike 2-2: Strikes out swinging
|
| Top of the 7th over - 0 runs, 1 hit, 0 errors, 1 left on base; Atlanta (MID) 2 - Binghamton 2 |
| BOTTOM OF THE 7TH |
|
Binghamton Mets batting - Pitching for Atlanta (MID) Braves : RHP Jesus Cumba
|
|
Now at 1B: Travis Lazaro
|
|
|
Batting: RHB Shawn Mathews
|
0-0: Foul Ball, location: 2F 0-1: Swinging Strike 0-2: Ball 1-2: Strikes out swinging
|
|
Batting: RHB Dave Conde
|
0-0: Called Strike 0-1: Swinging Strike 0-2: Ball 1-2: Foul Ball, location: 2F 1-2: Foul Ball, location: 2F 1-2: Strikes out swinging
|
|
Batting: LHB Tom Prayer
|
0-0: Ground out 3-1 (Groundball, 34, EV 101.2 MPH)
|
| Bottom of the 7th over - 0 runs, 0 hits, 0 errors, 0 left on base; Atlanta (MID) 2 - Binghamton 2 |
| TOP OF THE 8TH |
|
Atlanta (MID) Braves batting - Pitching for Binghamton Mets : RHP Salvatore Garcia
|
|
Pitching: RHP Leo Burgos
|
|
|
Batting: RHB Nick Platt
|
0-0: Called Strike 0-1: Ball 1-1: Ball 2-1: DOUBLE (Groundball, 3L, EV 100.6 MPH) - OUT at third base trying to stretch hit.
|
|
Batting: SHB Brandon McClain
|
0-0: Ball 1-0: Foul Ball, location: 2F 1-1: Ground out U3 (Groundball, 3, EV 83.1 MPH)
|
|
Batting: RHB Andy Cunningham
|
0-0: Swinging Strike 0-1: Ball 1-1: Foul Ball, location: 2F 1-2: Strikes out looking
|
| Top of the 8th over - 0 runs, 1 hit, 0 errors, 0 left on base; Atlanta (MID) 2 - Binghamton 2 |
| BOTTOM OF THE 8TH |
|
Binghamton Mets batting - Pitching for Atlanta (MID) Braves : RHP Jesus Cumba
|
|
Batting: RHB Andy Solorzano
|
0-0: Called Strike 0-1: Foul Ball, location: 2F 0-2: Ball 1-2: Strikes out looking
|
|
Batting: LHB Willie Cintron
|
0-0: Called Strike 0-1: Ball 1-1: Called Strike 1-2: Strikes out swinging
|
|
Batting: RHB Joe Kooyers
|
0-0: SOLO HOME RUN (Line Drive, 7D, EV 105.0 MPH), Distance : 383 ft
|
|
Batting: RHB Chris Nelson
|
0-0: Ball 1-0: Called Strike 1-1: Foul Ball, location: 2F 1-2: Foul Ball, location: 2F 1-2: Foul Ball, location: 2F 1-2: Ball 2-2: Fly out, F8 (Flyball, 78M, EV 92.5 MPH)
|
| Bottom of the 8th over - 1 run, 1 hit, 0 errors, 0 left on base; Atlanta (MID) 2 - Binghamton 3 |
| TOP OF THE 9TH |
|
Atlanta (MID) Braves batting - Pitching for Binghamton Mets : RHP Leo Burgos
|
|
Pitching: RHP Amare Golden
|
|
|
Batting: RHB Xavier Davis
|
0-0: Called Strike 0-1: Ground out 6-3 (Groundball, 6, EV 90.6 MPH)
|
|
Batting: RHB Joseph Kirchmann
|
0-0: Called Strike 0-1: Ball 1-1: Foul Ball, location: 2F 1-2: Ball 2-2: Foul Ball, location: 2F 2-2: Ball 3-2: Ground out 4-3 (Groundball, 34, EV 105.6 MPH)
|
|
Batting: LHB Travis Lazaro
|
0-0: Called Strike 0-1: Ball 1-1: Foul Ball, location: 2F 1-2: Strikes out swinging
|
| Top of the 9th over - 0 runs, 0 hits, 0 errors, 0 left on base; Atlanta (MID) 2 - Binghamton 3 |
|